 Dungeon Crawl Stone Soup version 0.19-a0-892-g8a19e52 (webtiles) character file.

555 Gagarin the Conjurer (level 7, 0/42 HPs)
             Began as a High Elf Conjurer on July 4, 2016.
             Killed by nerve-wracking pain
             ... invoked by an orc priest
              (7 damage)
             ... on level 4 of the Dungeon.
             The game lasted 00:14:30 (4410 turns).

Gagarin the Conjurer (High Elf Conjurer)            Turns: 4410, Time: 00:14:31

Health: 0/42       AC:  5    Str:  7    XL:     7   Next: 8%
Magic:  9/15       EV: 14    Int: 20    God:
Gold:   180        SH:  0    Dex: 17    Spells: 3 memorised, 10 levels left

rFire  . . .     SeeInvis .     A - +2 short sword (venom)
rCold  . . .     Gourm    .     a - +0 robe
rNeg   . . .     Faith    .     (no shield)
rPois  .         Spirit   .     (no helmet)
rElec  .         Dismiss  .     (no cloak)
rCorr  .         Reflect  .     (no gloves)
SustAt .         Harm     .     w - +2 pair of boots
MR     .....                    (no amulet)
Stlth  ++........               (no ring)
                                (no ring)

@: not resistant to hostile enchantments, unstealthy
A: no striking features
a: no special abilities


You were on level 4 of the Dungeon.
You were not hungry.

You visited 2 branches of the dungeon, and saw 5 of its levels.

You collected 180 gold pieces.

Inventory:

Hand Weapons
 j - a +0 short sword
 z - a +0 rapier
 A - a +2 short sword of venom (weapon)
 B - a +0 blowgun
 J - a +1 dagger of venom
Missiles
 n - 65 arrows
 C - 14 poisoned needles
Armour
 a - a +0 robe (worn)
 w - a +2 pair of boots (worn)
Wands
 I - a wand of random effects (27/48)
Scrolls
 e - 2 scrolls of blinking {unknown}
 h - a scroll of amnesia {unknown}
 i - a scroll of enchant armour {unknown}
 m - a scroll of enchant weapon {unknown}
 p - a scroll of random uselessness {unknown}
 r - 3 scrolls of teleportation {unknown}
 t - a scroll of magic mapping {unknown}
 v - 2 scrolls of identify
 y - a scroll of recharging {unknown}
 F - 3 scrolls of remove curse {unknown}
Potions
 d - a potion of haste {unknown}
 f - a potion of brilliance {unknown}
 l - 3 potions of curing {unknown}
 o - 2 potions of berserk rage
 s - a potion of might {unknown}
 u - a potion of cure mutation {unknown}
 x - 2 potions of flight {unknown}
 D - a potion of cancellation {unknown}
 G - a potion of beneficial mutation {unknown}
 H - a potion of degeneration {unknown}
Books
 b - a book of Conjurations

   Spells                             Type                      Level
   a - Magic Dart                     Conjuration                  1
   b - Searing Ray                    Conjuration                  2
   c - Dazzling Spray                 Conjuration/Hexes            3
   d - Fulminant Prism                Conjuration/Hexes            4
   e - Iskenderun's Mystic Blast      Conjuration                  4
   f - Iskenderun's Battlesphere      Conjuration/Charms           5
 q - a book of Death

   Spells                             Type                      Level
   a - Corpse Rot                     Necromancy                   2
   b - Sublimation of Blood           Necromancy                   2
   c - Agony                          Necromancy                   5
   d - Dispel Undead                  Necromancy                   5
   e - Excruciating Wounds            Charms/Necromancy            5
   f - Bolt of Draining               Conjuration/Necromancy       5
Comestibles
 c - 4 bread rations
 g - a royal jelly
 k - a meat ration


   Skills:
 + Level 0.6 Fighting
 + Level 0.2 Short Blades
 + Level 3.2 Dodging
 + Level 3.0 Stealth
 + Level 5.2 Spellcasting
 + Level 7.3 Conjurations


You had 10 spell levels left.
You knew the following spells:

 Your Spells              Type           Power        Failure   Level  Hunger
a - Magic Dart            Conj           ####         1%          1    None
b - Searing Ray           Conj           ####..       1%          2    None
c - Dazzling Spray        Conj/Hex       ###...       10%         3    ##.....


Dungeon Overview and Level Annotations

Branches:
Dungeon (4/15)             Temple (1/1) D:4

Altars:
Ashenzari
Dithmenos
Elyvilon
Fedhas
Nemelex Xobeh
Ru
Trog
Uskayaw
Xom
Yredelemnul
Zin

Annotations:
D:4 beholder's ghost, amateur MiGl


Message History

Casting: Magic Dart
Confirm with . or Enter, or press ? or * to list all spells.
Aiming: Searing Ray
Press: ? - help, Shift-Dir - straight line, f - orc priest, p - orc priest
Aim: an orc priest, wielding a short sword and wearing a scale mail The searing ray hits the orc priest.
The orc priest is severely wounded.
The orc hits you with a mace.
The searing ray hits the orc priest.
The orc priest is almost dead.
The orc hits you with a mace.
The orc priest invokes the aid of Beogh against you.
Beogh smites you!
* * * LOW HITPOINT WARNING * * *
The searing ray hits the orc priest.
You kill the orc priest!
Your Stealth skill increases to level 3!
The orc priest calls down the wrath of Beogh upon you.
Pain shoots through your body!
You die...

########
#@.)o..#
#o###.##
#.# .o #.#
o.# #.#
#.##....
#.# #...
#.# #.#
#..###.# #
#.#
......#+#.#
#.#
#..>.......


You could see an orc priest and an orc.

Vanquished Creatures
  Menkaure (D:4)
  A sky beast (D:4)
  The ghost of Gagarin the Conjurer, an amateur DrCj (D:3)
  4 orc priests
  2 orc wizards
  A worker ant (D:4)
  2 adders (D:2)
  2 oozes
  3 dart slugs
  3 giant geckos (D:2)
  10 orcs
  A ball python (D:1)
  3 giant cockroaches (D:3)
  7 hobgoblins
  4 jackals (D:3)
  6 bats
  5 giant newts
  10 goblins
  11 kobolds
  4 rats
81 creatures vanquished.

Notes
Turn   | Place    | Note
-------+----------+-------------------------------------------
     0 | D:1      | Gagarin the High Elf Conjurer began the quest for the Orb.
     0 | D:1      | Reached XP level 1. HP: 11/11 MP: 4/4
   206 | D:1      | Reached XP level 2. HP: 17/17 MP: 0/6
   267 | D:1      | Learned a level 2 spell: Searing Ray
   530 | D:1      | Reached skill level 5 in Conjurations
  1069 | D:2      | Reached XP level 3. HP: 21/21 MP: 5/8
  1714 | D:2      | Reached XP level 4. HP: 20/27 MP: 4/9
  2233 | D:3      | Noticed Gagarin's ghost (amateur DrCj)
  2243 | D:3      | Killed Gagarin's ghost
  2243 | D:3      | Reached skill level 6 in Conjurations
  2243 | D:3      | Reached XP level 5. HP: 24/31 MP: 1/11
  2594 | D:3      | Found a sparkling altar of Nemelex Xobeh.
  2837 | D:3      | Found a white marble altar of Elyvilon.
  3197 | D:3      | Reached XP level 6. HP: 31/36 MP: 6/13
  3254 | D:3      | Learned a level 3 spell: Dazzling Spray
  3310 | D:4      | Noticed a sky beast
  3326 | D:4      | Killed a sky beast
  3329 | D:4      | HP: 2/54 [orc priest/flail (6)]
  3330 | D:4      | Reached skill level 7 in Conjurations
  3615 | D:4      | Noticed beholder's ghost (amateur MiGl)
  3794 | D:4      | Noticed Menkaure
  3804 | D:4      | Killed Menkaure
  3804 | D:4      | Reached skill level 5 in Spellcasting
  3804 | D:4      | Reached XP level 7. HP: 6/41 MP: 7/15
  4167 | D:4      | Found a staircase to the Ecumenical Temple.
  4178 | Temple   | Entered the Ecumenical Temple
  4410 | D:4      | Killed from afar by an orc priest

Vault maps used:
D:1:      denvon_arrival_waterhouse, minmay_misc_feat_five
D:3:      lemuel_round_altar, nemelex_xobeh_ov_fountains_minmay, first_bread,
          serial_bayou_pond_d, kennysheep_crisscross
D:4:      lemuel_round_altar, minmay_distorted, uniq_menkaure
Temple:   dpeg_three_leaves_temple

Skill      XL: |  1  2  3  4  5  6  7 |
---------------+----------------------+-----
Conjurations   | 5 6 7 |  7.3
Spellcasting   | 3 4 5 |  5.2
Dodging        | 3 |  3.2
Stealth        | 3 |  3.0
Fighting       | |  0.6
Short Blades   | |  0.2

Action                   |  1- 3 |  4- 6 |  7- 9 || total
-------------------------+-------+-------+-------++-------
Melee: Rapier            |       |     7 |       ||     7
       Short sword       |       |    11 |       ||    11
 Cast: Magic Dart        |    62 |    59 |     3 ||   124
       Searing Ray       |     2 |    10 |     1 ||    13
       Dazzling Spray    |       |     1 |       ||     1
  Use: Scroll            |       |     2 |       ||     2
       Potion            |       |     1 |       ||     1
  Eat: Chunk             |     3 |     6 |       ||     9
       Meat ration       |       |       |     1 ||     1
Armor: Robe              |     2 |     8 |       ||    10
Dodge: Dodged            |     8 |    17 |       ||    25
